cohdb
Replays
Latest Replays
All Replays
Popular Replays
Top Player Replays
Match Explorer
How It Works
Community
CoH3 Stats
Reddit
Sign in to upload your games and track your stats! →
Sign in with Steam
Match 46219219
Unlisted
Match 46219219
Overview
Messages
Build Orders
End
Kettenkrad Recon Vehicle
Selects Luftwaffe Battlegroup
Selects Luftwaffe Pioneer Support
Fallschirmpioneer Squad Paradrop
Fallschirmpioneer Squad Paradrop
Fallschirmpioneer Squad Paradrop
Selects Stuka Strafing Run
Fallschirmpioneer Squad Paradrop
Stuka Strafing Run
Selects Fallschirmjäger Squad Paradrop
Construct Infanterie Kompanie
Construct Panzergrenadier Kompanie
Fallschirmjäger Squad Paradrop
Pak 40 Anti-tank Gun Team
Not Perfect
AquaFerret
Bartolomeus
ImNotProPlayerr
Thien
LegendaireNic
Zamalek ✪
Mastermarius
0
0
Comments
sign in to comment!
No comments posted yet!